 Dungeon Crawl Stone Soup version 0.14-a0-102-g2341383 (console) character file.

97 Kellhus the Ruinous (level 4, 18/22 HPs)
             Began as a Gargoyle Wizard on Oct 2, 2013.
             Quit the game on Level 2 of the Dungeon.
             The game lasted 00:01:38 (1524 turns).

Kellhus the Ruinous (Gargoyle Wizard)               Turns: 1524, Time: 00:01:38

HP  18/22        AC  5     Str 11      XL: 4   Next:  6%
MP   1/11        EV 11     Int 19      God:
Gold 37          SH  0     Dex  8      Spells:  1 memorised,  8 levels left

Res.Fire  : . . .   See Invis. : .   (no weapon)
Res.Cold  : . . .   Warding    : .   a - +0 robe
Life Prot.: + . .   Conserve   : .   (no shield)
Res.Poison: +       Res.Corr.  : .   b - +0 wizard hat
Res.Elec. : +       Clarity    : .   (no cloak)
Sust.Abil.: . .     Spirit.Shd : .   (no gloves)
Res.Mut.  : .       Stasis     : .   (no boots)
Res.Rott. : +       Flight     : .   (no amulet)
Saprovore : . . .                    (no ring)
                                     (no ring)

@: slightly resistant to hostile enchantments, unstealthy
A: fangs 1, talons 2, life protection 1, electricity resistance, slow metabolism
1, unbreathing, petrification resistance, AC +3
a: no special abilities


You were on level 2 of the Dungeon.
You were not hungry.

You visited 1 branch of the dungeon, and saw 2 of its levels.

You collected 17 gold pieces.

Inventory:

Missiles
 h - 7 curare-tipped needles
Armour
 a - a +0 robe (worn)
 b - a +0 wizard hat (worn)
Comestibles
 d - 2 bread rations
 g - 2 rotting chunks of jackal flesh
Scrolls
 e - a scroll of recharging {unknown}
 f - a scroll of remove curse {unknown}
Books
 c - a book of Minor Magic

   Spells                             Type                      Level
   *Magic Dart                        Conjuration                  1
   Blink                              Translocation                2
   Call Imp                           Summoning                    2
   Repel Missiles                     Charms/Air                   2
   Slow                               Hexes                        2
   Conjure Flame                      Conjuration/Fire             3
   Mephitic Cloud                     Conjuration/Poison/Air       3


   Skills:
 - Level 1.5 Dodging
 - Level 2.1 Stealth
 - Level 3.0 Spellcasting
 + Level 4.1 Conjurations
   Level 0.8 Summonings
   Level 0.8 Translocations


You had 8 spell levels left.
You knew the following spells:

 Your Spells              Type           Power        Failure   Level  Hunger
a - Magic Dart            Conj           ###.         3%          1    None


Dungeon Overview and Level Annotations

Branches:
Dungeon (2/27)

Altars:


Innate Abilities, Weirdness & Mutations

You are resistant to torment.
You are immune to poison.
Your stone body is very resilient (AC +3).
You have very sharp teeth.
You have razor-sharp toenails.
You resist negative energy.
You are resistant to electric shocks.
You have a slow metabolism.
You can survive without breathing.
You are immune to petrification.


Message History

The adder misses you.
Casting: Magic Dart
Confirm with . or Enter, or press ? or * to list all spells.
Aiming: Magic Dart
Press: ? - help, Shift-Dir - straight line, f/p - adder
Aim: an adder (almost dead)
The magic dart hits the adder.
The adder is almost dead.
The adder bites you. The adder closely misses you.
Casting: Magic Dart
Confirm with . or Enter, or press ? or * to list all spells.
Aiming: Magic Dart
Press: ? - help, Shift-Dir - straight line, f/p - adder
Aim: an adder (almost dead)
The magic dart hits the adder.
You kill the adder!
Your Conjurations skill increases to level 4!
You have reached level 4!
You feel stronger. The rat barely misses you.
Are you sure you want to abandon this character and quit the game? (Confirm with "yes".)

########
........#
........########
........#...[..#
.......r.#.<....#
#......%@#......#
................#
.########......#
#......# #......#
#......# #####.##
#.# #.#


You could see a rat.

Vanquished Creatures
  An adder (D:2)
  A giant mite (D:1)
  A giant gecko (D:1)
  An ooze (D:1)
  A giant cockroach (D:1)
  8 goblins (D:1)
  3 hobgoblins
  6 jackals (D:1)
  A ball python (D:1)
  7 bats
  2 giant newts (D:1)
  6 kobolds (D:1)
  4 rats
42 creatures vanquished.

Notes
Turn   | Place    | Note
--------------------------------------------------------------
     0 | D:1      | Kellhus, the Gargoyle Wizard, began the quest for the Orb.
     0 | D:1      | Reached XP level 1. HP: 8/8 MP: 5/5
   274 | D:1      | Reached XP level 2. HP: 13/13 MP: 0/7
   897 | D:1      | Reached XP level 3. HP: 17/17 MP: 1/9
  1523 | D:2      | Reached skill level 4 in Conjurations
  1523 | D:2      | Reached XP level 4. HP: 18/22 MP: 1/11
  1524 | D:2      | Quit the game

Action                   |  1- 3 |  4- 6 || total
-------------------------+-------+-------++-------
Melee: Unarmed           |    30 |       ||    30
 Cast: Magic Dart        |    88 |     1 ||    89
